 Dungeon Crawl Stone Soup version 0.29-a0-284-gf9362112df (webtiles) character file.

Game seed: 9011760912074425164

63 Snicker the Sneak (level 3, -5/16 HPs)
             Began as a Spriggan Enchanter on Mar 19, 2022.
             Killed from afar by Dowan (10 damage)
             ... with a puff of frost
             ... on level 4 of the Dungeon.
             The game lasted 00:06:01 (3869 turns).

Snicker the Sneak (Spriggan Enchanter)              Turns: 3869, Time: 00:06:04

Health: -5/16      AC:  4    Str:  6    XL:     3   Next: 87%
Magic:  1/8        EV: 17    Int: 16    God:
Gold:   72         SH:  0    Dex: 18    Spells: 2/7 levels left

rFire   . . .      SeeInvis +   w - +4 rapier of the Original Sin {pain, rElec Dex+3}
rCold   . . .      Faith    .   (no shield)
rNeg    . . .      Spirit   .   b - +0 robe
rPois   .          Reflect  .   s - +2 hat
rElec   +          Harm     .   (no cloak)
rCorr   .          Rampage  .   (gloves unavailable)
Will    ++...                   (boots unavailable)
Stlth   ++++......              (no amulet)
HPRegen 0.05/turn               j - ring of willpower
MPRegen 0.11/turn               r - ring of willpower

@: very quick
A: very small, no large weapons, unfitting armour, see invisible, speed 3
a: no special abilities


You were on level 4 of the Dungeon.
You visited 1 branch of the dungeon, and saw 4 of its levels.

You collected 72 gold pieces.

Inventory:

Hand Weapons
 a - a +1 dagger
 u - the +0 dagger "Fouri" {drain, Str+2 Stlth+}
   (You found it on level 3 of the Dungeon)

   A truly terrible weapon, it drains the life of any living foe it strikes.
   Str:       It affects your strength (+2).
   Stlth:     It makes you more stealthy.
 w - the +4 rapier of the Original Sin (weapon) {pain, rElec Dex+3}
   (You found it on level 3 of the Dungeon)

   In the hands of one skilled in necromantic magic, it inflicts extra damage on
   living creatures.
   Dex:       It affects your dexterity (+3).
   rElec:     It insulates you from electricity.
Missiles
 m - a throwing net (quivered)
Armour
 b - a +0 robe (worn)
 q - the +2 robe "Quqyaqeh" {Harm rF++ Will- Dex+3}
   (You found it on level 3 of the Dungeon)

   Dex:       It affects your dexterity (+3).
   rF:        It greatly protects you from fire.
   Harm:      It increases damage dealt and taken.
   Will:      It decreases your willpower.
 s - a +2 hat (worn)
Jewellery
 j - a ring of willpower (left hand)
 r - a ring of willpower (right hand)
Scrolls
 d - a scroll of summoning {unknown}
 e - 4 scrolls of identify {unknown}
 f - a scroll of enchant weapon {unknown}
 h - 2 scrolls of silence {unknown}
 i - a scroll of vulnerability {unknown}
 k - 4 scrolls of teleportation {unknown}
 t - a scroll of holy word {unknown}
Potions
 c - 2 potions of invisibility
 g - a potion of mutation {unknown}
 l - 3 potions of curing {unknown}
 n - a potion of flight {unknown}
 o - 2 potions of cancellation {unknown}
 p - a potion of brilliance {unknown}
 v - a potion of heal wounds {unknown}


   Skills:
 * Level 2.2 Short Blades
 - Level 2.6 Dodging
 * Level 6.6 Stealth
 - Level 2.6 Spellcasting
 - Level 3.6 Hexes
 + Level 0.3 Ice Magic


You had 2 spell levels left.
You knew the following spells:

 Your Spells              Type           Power      Damage    Failure   Level
a - Ensorcelled Hibernat  Hex/Ice        16%        N/A       13%         2
b - Confusing Touch       Hex            13%        N/A       13%         3

Your spell library contained the following spells:

 Spells                   Type           Power      Damage    Failure   Level
 Tukima's Dance           Hex            13%        N/A       13%         3
 Dazzling Flash           Conj/Hex       14%        N/A       28%         3
 Portal Projectile        Hex/Tloc       14%        N/A       28%         3
 Call Canine Familiar     Summ           2%         N/A       50%         3
 Leda's Liquefaction      Hex/Erth       3%         N/A       67%         4
 Petrify                  Tmut/Erth      2%         N/A       88%         4
 Metabolic Englaciation   Hex/Ice        4%         N/A       94%         5
 Statue Form              Tmut/Erth      1%         N/A       100%        6


Dungeon Overview and Level Annotations

Branches:
Dungeon (4/15)
 Temple: D:4-7

Altars:

Annotations:
D:4 Dowan, Duvessa


Innate Abilities, Weirdness & Mutations

You are very small and have problems with some larger weapons.
You are too small for most types of armour.
You have supernaturally acute eyesight. (SInv)
You cover ground extremely quickly. (Speed+++)


Message History

Aim: Duvessa, wielding a +0 rapier and wearing a +0 ring mail (chance to affect: 25%) Duvessa resists with almost no effort.
Casting: Ensorcelled Hibernation (safe; 13% risk of failure)
Confirm with . or Enter, or press ? or * to list all spells.
Aiming: Ensorcelled Hibernation (safe; 13% risk of failure)
Press: ? - help, Shift-Dir - straight line, f/p - Duvessa
Aim: Duvessa, wielding a +0 rapier and wearing a +0 ring mail (chance to affect: 25%) Duvessa resists with almost no effort.
Casting: Ensorcelled Hibernation (safe; 13% risk of failure)
Confirm with . or Enter, or press ? or * to list all spells.
Aiming: Ensorcelled Hibernation (safe; 13% risk of failure)
Press: ? - help, Shift-Dir - straight line, f/p - Duvessa
Aim: Duvessa, wielding a +0 rapier and wearing a +0 ring mail (chance to affect: 25%) Duvessa resists with almost no effort.
Dowan gestures wildly while chanting.
Dowan blinks!
Casting: Ensorcelled Hibernation (safe; 13% risk of failure)
Confirm with . or Enter, or press ? or * to list all spells.
Aiming: Ensorcelled Hibernation (safe; 13% risk of failure)
Press: ? - help, Shift-Dir - straight line, f/p - Duvessa
Aim: Duvessa, wielding a +0 rapier and wearing a +0 ring mail (chance to affect: 25%) Duvessa looks drowsy...
The helpless Duvessa fails to defend herself.
You impale Duvessa!! You punch Duvessa, but do no damage.
Duvessa is severely wounded.
Duvessa hits you with a +0 rapier.
You barely miss Duvessa.
Duvessa is severely wounded.
Duvessa completely misses you.
Dowan says, "My weaknesses are her strengths!"
You closely miss Duvessa.
Duvessa is severely wounded.
You closely miss Duvessa.
Duvessa is severely wounded.
Dowan gestures at you while chanting. The puff of flame hits you.
Dowan gestures at you while chanting. The puff of frost hits you!
Ouch! That really hurt!
You die...

#...# #...# ....# # #...#
...... #.##..†# ....#
.......# ....+ .......#
....##### #.....e#
#........
#....#e#.########..#....#
##.#.#.#........@e......#
#.#.#.##########.#..... #
# #............e.....#
############.#.....#
........# #.#.#...#
......#.# #.# #.. . #.#
...


You could see Duvessa and Dowan.

Vanquished Creatures
  An adder (D:3)
  A worm (D:2)
  A dart slug (D:2)
  An orc (D:3)
  4 endoplasms
  7 goblins
  4 hobgoblins
  7 kobolds
  3 quokkas
  4 ball pythons
  5 bats
  3 frilled lizards
  3 rats
44 creatures vanquished.

Notes
Turn   | Place    | Note
-------+----------+-------------------------------------------
     0 | D:1      | Snicker the Spriggan Enchanter began the quest for the Orb.
     0 | D:1      | Reached XP level 1. HP: 9/9 MP: 5/5
   222 | D:1      | Reached skill level 5 in Stealth
   345 | D:1      | Reached XP level 2. HP: 13/13 MP: 6/6
   771 | D:1      | Learned a level 2 spell: Ensorcelled Hibernation
  2010 | D:2      | Reached skill level 6 in Stealth
  2010 | D:2      | Reached XP level 3. HP: 16/16 MP: 8/8
  2898 | D:3      | Identified the +2 robe "Quqyaqeh" {Harm rF++ Will- Dex+3}
  3425 | D:3      | Identified the +0 dagger "Fouri" {drain, Str+2 Stlth+}
  3682 | D:3      | Identified the +4 rapier of the Original Sin {pain, rElec
                  | Dex+3}
  3764 | D:3      | Learned a level 3 spell: Confusing Touch
  3828 | D:4      | Noticed Dowan
  3832 | D:4      | Noticed Duvessa
  3869 | D:4      | Killed from afar by Dowan

Illustrated notes

Levels and vault maps discovered:
D:1:      dpeg_arrival_shrine, layout_basic, minmay_misc_feat_tower, st_stairs_4
D:2:      layout_loops_corners
D:3:      minmay_angry_zag, layout_basic
D:4:      layout_basic, gup_sewer_entry_glass, nicolae_shop_fire_sale
          [nicolae_sub_dead_trees], grunt_ministairs_2,
          kennysheep_generic_room_6, uniq_robin, uniq_duvessa, uniq_sigmund

Skill      XL: |  1  2  3 |
---------------+----------+-----
Stealth        | 5 6 |  6.6
Short Blades   | 2 |  2.2
Dodging        | |  2.6
Spellcasting   | |  2.6
Hexes          | |  3.6
Ice Magic      | |  0.3

Action                   || total
-------------------------++-------
Melee: Dagger            ||   106
       Rapier            ||     8
       Punch             ||     2
 Cast: Ensorcelled Hiber ||    16
 Stab: Sleeping          ||    22
Armor: Robe              ||     5
Dodge: Dodged            ||    57

Table legend: (Time is in decaauts)
 A = Elapsed time spent in this place.
 B = Non-inter-level travel time spent in this place.
 C = Inter-level travel time spent in this place.
 D = Time resting spent in this place.
 E = Time spent auto-exploring this place.
 F = Levels seen in this place.
 G = Mean time per level.
                   A        B        C        D        E       F      G
               +--------+--------+--------+--------+--------+-----+--------+
         Total |   2755 |   2644 |    111 |    282 |   1991 |   4 |  688.8 |
       Dungeon |   2755 |   2644 |    111 |    282 |   1991 |   4 |  688.8 |
               +--------+--------+--------+--------+--------+-----+--------+

Top non-repeatable levels by time:
     D:3: 1104 daAuts
     D:1: 810 daAuts
     D:2: 809 daAuts
     D:4: 30 daAuts
